 Dungeon Crawl Stone Soup version 0.27-a0-1139-g28e009f8a6 (webtiles) character file.

Game seed: 10500699710116329010

98 experimilk the Bolt Thrower (level 5, -5/30 (32) HPs)
             Began as a Kobold Hunter on May 8, 2021.
             Slain by a wight
             ... wielding a +4 short sword
              (10 damage)
             ... on level 4 of the Dungeon.
             The game lasted 00:13:02 (3524 turns).

experimilk the Bolt Thrower (Kobold Hunter)         Turns: 3524, Time: 00:13:03

HP:   -5/30 (32)    AC:  6    Str: 10    XL:     5   Next: 0%
MP:   5/5           EV: 11    Int: 13    God:
Gold: 119           SH:  5    Dex: 21    Spells: 4/4 levels left

rFire    . . .     SeeInvis .   a - +2 hand crossbow (freeze)
rCold    . . .     Faith    .   f - +0 buckler
rNeg     . . .     Spirit   .   k - +0 scale mail
rPois    .         Reflect  .   (no helmet)
rElec    .         Harm     .   (no cloak)
rCorr    .         Rampage  .   (no gloves)
Will     .....                  (no boots)
Stlth    ++........             (no amulet)
HPRegen  0.10/turn              e - +6 ring of dexterity
MPRegen  0.09/turn              (no ring)

@: drained
A: small, no large weapons, nightstalker 3
a: no special abilities


You were on level 4 of the Dungeon.
You visited 1 branch of the dungeon, and saw 4 of its levels.

You collected 119 gold pieces.

Inventory:

Hand Weapons
 a - a +2 hand crossbow of freezing (weapon)
 j - a +0 vampiric dagger
Missiles
 d - 9 bolts (quivered ammo)
 l - 4 curare-tipped darts
Armour
 f - a +0 buckler (worn)
 k - a +0 scale mail (worn)
Jewellery
 e - a +6 ring of dexterity (left hand)
 n - a ring of resist corrosion
Scrolls
 h - a scroll of identify {unknown}
Potions
 b - a potion of degeneration {unknown}
 c - a potion of cancellation {unknown}
 g - a potion of curing {unknown}
 i - a potion of lignification {unknown}
 m - a potion of heal wounds {unknown}


   Skills:
 - Level 3.0 Fighting
 * Level 5.7 Crossbows
 + Level 1.1 Armour
 - Level 3.0 Dodging
 + Level 2.8 Stealth


You had 4 spell levels left.
You didn't know any spells.
Your spell library was empty.

Dungeon Overview and Level Annotations

Branches:
Dungeon (4/15)
 Temple: D:4-7

Altars:

Shops:
D:1 *


Innate Abilities, Weirdness & Mutations

You are small and have problems with some larger weapons.
You are completely attuned to the shadows.


Message History

Aim: a wight, wielding a +4 short sword and wearing a +0 robe (69% to hit)
You shoot a bolt. The bolt hits the wight.
The wight is moderately damaged.
Fire: 14 bolts
Press: ? - help, Q - select action, (/) - cycle Shift-Dir - straight line, f/p - wight
Aim: a wight, wielding a +4 short sword and wearing a +0 robe (moderately damaged, 70% to hit)
You shoot a bolt.
The bolt hits the wight but does no damage.
The wight is moderately damaged.
The wight hits you with a +4 short sword!
You feel drained.
Fire: 13 bolts
Press: ? - help, Q - select action, (/) - cycle Shift-Dir - straight line, f/p - wight
Aim: a wight, wielding a +4 short sword and wearing a +0 robe (moderately damaged, 70% to hit)
You shoot a bolt. The bolt hits the wight.
The wight is heavily damaged.
The wight hits you with a +4 short sword.
You block the wight's attack.
Fire: 12 bolts
Press: ? - help, Q - select action, (/) - cycle Shift-Dir - straight line, f/p - wight
Aim: a wight, wielding a +4 short sword and wearing a +0 robe (heavily damaged, 70% to hit)
You shoot a bolt. The bolt hits the wight.
The wight is severely damaged.
A wight comes into view. It is wielding a +0 battleaxe.
The wight hits you with a +4 short sword!
Fire: 11 bolts
Press: ? - help, Q - select action, (/) - cycle Shift-Dir - straight line, f/p - wight
Aim: a wight, wielding a +4 short sword and wearing a +0 robe (severely damaged, 69% to hit)
You shoot a bolt.
The bolt hits the wight but does no damage.
The wight is severely damaged.
The wight hits you with a +4 short sword!
* * * LOW HITPOINT WARNING * * *
Fire: 10 bolts
Press: ? - help, Q - select action, (/) - cycle Shift-Dir - straight line, f/p - wight
Aim: a wight, wielding a +4 short sword and wearing a +0 robe (severely damaged, 70% to hit)
You shoot a bolt. The bolt barely misses the wight.
The wight closely misses you.
The wight hits you with a +4 short sword!
You die...

... #####...
#.......
#.......
####..@z..(
#..........
##...####z..
#....# ..(
##....# ..
##.....#
##......#
#.......#
#.......#


You could see 2 wights.

Vanquished Creatures
  2 adders
  2 worms (D:2)
  5 bats
  4 endoplasms
  5 giant cockroaches
  7 goblins
  5 hobgoblins
  7 jackals (D:3)
  8 kobolds
  4 quokkas
  7 ball pythons
  3 frilled lizards
  4 rats
63 creatures vanquished.

Vanquished Creatures (others)
  12 plants (D:3)
12 creatures vanquished.

Grand Total: 75 creatures vanquished

Notes
Turn   | Place    | Note
-------+----------+-------------------------------------------
     0 | D:1      | experimilk the Kobold Hunter began the quest for the Orb.
     0 | D:1      | Reached XP level 1. HP: 12/12 MP: 1/1
   114 | D:1      | Reached skill level 5 in Crossbows
   114 | D:1      | Reached XP level 2. HP: 12/18 MP: 2/2
   706 | D:1      | Found Luedyliw's Assorted Antiques.
   886 | D:1      | Reached XP level 3. HP: 22/22 MP: 3/3
  1954 | D:2      | Reached XP level 4. HP: 28/28 MP: 4/4
  2760 | D:3      | Reached skill level 1 in Armour
  3468 | D:4      | Reached XP level 5. HP: 32/32 MP: 5/5
  3524 | D:4      | Slain by a wight

Illustrated notes

Levels and vault maps discovered:
D:1:      scummos_arrival_checkerplants, layout_loops_corners, serial_shops,
          nicolae_shop_overgrown_old_shop
D:2:      layout_basic
D:3:      layout_basic, lexackson_kobold_supper
D:4:      old_forge, layout_gridville, tgw_sif, old_standard_altar,
          minmay_snake_closets

Skill      XL: |  1  2  3  4 |
---------------+-------------+-----
Crossbows      | 5 |  5.7
Fighting       | 3 |  3.0
Stealth        | 2 |  2.8
Dodging        | 3 |  3.0
Armour         | 1 |  1.1

Action                   |  1- 3 |  4- 6 || total
-------------------------+-------+-------++-------
Melee: Dagger            |    52 |   110 ||   162
 Fire: Hand crossbow     |    44 |    34 ||    78
  Use: Scroll            |     1 |     1 ||     2
Armor: Ring mail         |     5 |       ||     5
       Scale mail        |     2 |    76 ||    78
Dodge: Dodged            |    28 |    89 ||   117
Block: Buckler           |    10 |    36 ||    46

Table legend: (Time is in decaauts)
 A = Elapsed time spent in this place.
 B = Non-inter-level travel time spent in this place.
 C = Inter-level travel time spent in this place.
 D = Time resting spent in this place.
 E = Time spent auto-exploring this place.
 F = Levels seen in this place.
 G = Mean time per level.
                   A        B        C        D        E       F      G
               +--------+--------+--------+--------+--------+-----+--------+
         Total |   3555 |   3320 |    235 |    498 |    952 |   4 |  888.8 |
       Dungeon |   3555 |   3320 |    235 |    498 |    952 |   4 |  888.8 |
               +--------+--------+--------+--------+--------+-----+--------+

Top non-repeatable levels by time:
     D:1: 1309 daAuts
     D:3: 1139 daAuts
     D:2: 999 daAuts
     D:4: 106 daAuts
